 Dungeon Crawl Stone Soup version 0.30-a0-371-gad7725a93e (webtiles) character file.

Game seed: 2986983665744206638

156 horus123 the Magician (level 5, -4/31 HPs)
             Began as an Octopode Fire Elementalist on Nov 21, 2022.
             Slain by Grinder (9 damage)
             ... on level 3 of the Dungeon.
             The game lasted 00:06:59 (2076 turns).

horus123 the Magician (Octopode Fire Elementalist)  Turns: 2076, Time: 00:07:00

Health: -4/31      AC:  1    Str:  7    XL:     5   Next: 37%
Magic:  1/12       EV: 13    Int: 19    God:
Gold:   162        SH:  0    Dex: 13    Spells: 8/14 levels left

rFire   . . .      SeeInvis .    (no weapon)
rCold   . . .      Faith    .    (no shield)
rNeg    . . .      Spirit   .    (helmet restricted)
rPois   .          Reflect  .    (no amulet)
rElec   .          Harm     .    (no ring)
rCorr   .          Rampage  .    (no ring)
Will    .....                    (no ring)
Stlth   +++.......               (no ring)
HPRegen 0.25/turn                (no ring)
MPRegen 0.13/turn                (no ring)
                                 (no ring)
                                 (no ring)

@: very slightly contaminated
A: almost no armour, amphibious, 8 rings, camouflage 1, gelatinous body 1,
(nimble swimmer 1), tentacles
a: no special abilities


You were on level 3 of the Dungeon.
You visited 1 branch of the dungeon, and saw 3 of its levels.

You collected 162 gold pieces.

Inventory:

Hand Weapons
 j - a +1 sling of flaming
Scrolls
 b - 7 scrolls of identify {unknown}
 c - a scroll of vulnerability {unknown}
 e - a scroll of brand weapon {unknown}
 h - a scroll of amnesia {unknown}
 i - 3 scrolls of teleportation {unknown}
Potions
 a - a potion of magic
 f - a potion of cancellation {unknown}
 g - 2 potions of flight {unknown}
 k - a potion of brilliance {unknown}
 l - a potion of mutation {unknown}
 m - a potion of might {unknown}


   Skills:
 - Level 2.0 Dodging
 - Level 2.6 Stealth
 - Level 5.0 Spellcasting
 - Level 1.0 Conjurations
 + Level 3.1 Fire Magic


You had 8 spell levels left.
You knew the following spells:

 Your Spells              Type           Power      Damage    Failure   Level
a - Foxfire               Conj/Fire      48%        2x1d6     5%          1
b - Scorch                Fire           32%        2d6       5%          2
c - Kindle Blastsparks    Fire/Tloc/Air  16%        2d11      24%         3

Your spell library contained the following spells:

 Spells                   Type           Power      Damage    Failure   Level
 Inner Flame              Hex/Fire       10%        N/A       21%         3
 Tukima's Dance           Hex            4%         N/A       36%         3
 Flame Wave               Conj/Fire      12%        2d6       47%         4
 Passage of Golubria      Tloc           4%         N/A       77%         4
 Yara's Violent Unravell  Hex/Tmut       2%         3d3       98%         5


Dungeon Overview and Level Annotations

Branches:
Dungeon (3/15)

Altars:
Fedhas

Annotations:
D:3 Grinder


Innate Abilities, Weirdness & Mutations

You cannot wear most types of armour.
You are amphibious.
You can wear up to eight rings at the same time.
Your skin changes colour to match your surroundings (Stealth+).
Your rubbery body absorbs attacks. (AC +1, EV +1)
((You are camouflaged when in or above water. (Stealth+)))
You have tentacles for arms and can constrict up to eight enemies at once.


Message History

Grinder gestures at you. You resist with significant effort.
Casting: Scorch (safe; 5% risk of failure)
Confirm with . or Enter, or press ? or * to list all spells.
You miscast Scorch.
You are very lightly contaminated with residual magic.
Nothing appears to happen.
You conjure some foxfire!
Grinder hits you!
You writhe in agony.
The foxfire hits Grinder.
Grinder is burned terribly!
Grinder is heavily wounded.
Grinder gestures at you. Pain shoots through your body!
* * * LOW HITPOINT WARNING * * *
You feel better. Grinder hits you!
* * * LOW HITPOINT WARNING * * *
You writhe in agony.
* * * LOW HITPOINT WARNING * * *
You feel better. Grinder hits you!
* * * LOW HITPOINT WARNING * * *
You writhe in agony.
* * * LOW HITPOINT WARNING * * *
You feel better.
Grinder is no longer more vulnerable to fire.
Grinder hits you.
You writhe in agony.
* * * LOW HITPOINT WARNING * * *
Okay, then.
Casting: Foxfire (safe; 5% risk of failure)
Confirm with . or Enter, or press ? or * to list all spells.
Flames lash Grinder.
Grinder is severely wounded.
Grinder's fire resistance burns away.
Grinder misses you.
Casting: Scorch (safe; 5% risk of failure)
Confirm with . or Enter, or press ? or * to list all spells.
You don't have enough magic to cast this spell.
Unknown command.
You closely miss Grinder. You grab Grinder.
Grinder is severely wounded.
You constrict Grinder, but do no damage.
Grinder hits you!
You die...

#.#####.#
#..~~≈≈~≈~≈≈≈~...#
#.......#
#...~~≈≈≈≈≈≈~....#
#.#######
#.#..~≈≈≈≈~~.....#
###
#......~~≈...#####
#.#........###
#.###...#### #.#
##### #######.#
#.....5@#
#.#######


You could see Grinder (combustible).

Vanquished Creatures
  Natasha (thrice) (D:2)
  2 adders
  A dart slug (D:1)
  6 endoplasms
  3 giant cockroaches
  5 goblins
  6 hobgoblins
  3 quokkas
  7 ball pythons
  5 bats
  3 frilled lizards
  7 kobolds
  9 rats
60 creatures vanquished.

Vanquished Creatures (others)
  139 foxfires
139 creatures vanquished.

Grand Total: 199 creatures vanquished

Notes
Turn   | Place    | Note
-------+----------+-------------------------------------------
     0 | D:1      | horus123 the Octopode Fire Elementalist began the quest for
                  | the Orb.
     0 | D:1      | Reached XP level 1. HP: 11/11 MP: 3/3
   225 | D:1      | Reached XP level 2. HP: 17/17 MP: 0/5
   300 | D:1      | Learned a level 2 spell: Scorch
   565 | D:1      | Reached skill level 3 in Spellcasting
   691 | D:1      | Reached XP level 3. HP: 21/21 MP: 7/7
   719 | D:1      | Learned a level 3 spell: Kindle Blastsparks
  1244 | D:2      | Reached XP level 4. HP: 27/27 MP: 5/9
  1329 | D:2      | Noticed Natasha
  1335 | D:2      | Killed Natasha
  1336 | D:2      | Reached skill level 4 in Spellcasting
  1340 | D:2      | Noticed Natasha
  1352 | D:2      | Killed Natasha
  1406 | D:2      | Reached XP level 5. HP: 20/31 MP: 5/11
  1411 | D:2      | Identified the +0 robe of the Griffon {Harm +Inv rF-}
  1589 | D:2      | Noticed Natasha
  1600 | D:2      | Killed Natasha
  1866 | D:3      | Found a blossoming altar of Fedhas.
  1922 | D:3      | Reached skill level 5 in Spellcasting
  1963 | D:3      | Found a faded altar of an unknown god.
  2054 | D:3      | Noticed Grinder
  2073 | D:3      | HP: 1/31 [Grinder (4)]
  2076 | D:3      | Slain by Grinder

Illustrated notes

Levels and vault maps discovered:
D:1:      lemuel_arrival_tunnels, layout_basic, minmay_split_cup_small
D:2:      layout_rooms, uniq_natasha
D:3:      kennysheep_six_static_rooms, layout_basic, elyvilon_altar_5,
          fedhas_ov_isle_minmay, dreamdust_ecumenical_altar_hidden_monk_grotto,
          uniq_ijyb, uniq_grinder

Skill      XL: |  1  2  3  4  5 |
---------------+----------------+-----
Spellcasting   | 3 4 5 |  5.0
Dodging        | |  2.0
Stealth        | |  2.6
Conjurations   | |  1.0
Fire Magic     | |  3.1

Action                   |  1- 3 |  4- 6 || total
-------------------------+-------+-------++-------
Melee: Unarmed           |    49 |    27 ||    76
       Constrict         |    13 |     4 ||    17
       Tentacles         |    18 |     5 ||    23
       Punch             |       |     1 ||     1
 Cast: Foxfire           |    41 |    36 ||    77
       Scorch            |       |     4 ||     4
  Use: Potion            |       |     3 ||     3
 Stab: Sleeping          |     5 |     3 ||     8
Armor: Skin              |     3 |     1 ||     4
Dodge: Dodged            |    26 |    19 ||    45

Table legend: (Time is in decaauts)
 A = Elapsed time spent in this place.
 B = Non-inter-level travel time spent in this place.
 C = Inter-level travel time spent in this place.
 D = Time resting spent in this place.
 E = Time spent auto-exploring this place.
 F = Levels seen in this place.
 G = Mean time per level.
                   A        B        C        D        E       F      G
               +--------+--------+--------+--------+--------+-----+--------+
         Total |   2075 |   2018 |     57 |    246 |   1272 |   3 |  691.7 |
       Dungeon |   2075 |   2018 |     57 |    246 |   1272 |   3 |  691.7 |
               +--------+--------+--------+--------+--------+-----+--------+

Top non-repeatable levels by time:
     D:1: 967 daAuts
     D:2: 828 daAuts
     D:3: 279 daAuts
